 Dungeon Crawl Stone Soup version 0.30-a0-1161-g0704695555 (webtiles) character file.

Game seed: 12620632242102522640

21423 funkygono the Severer (level 12, -1/107 HPs)
             Began as a Minotaur Fighter on Apr 27, 2023.
             Was a High Priest of Okawaru.
             Engulfed by a cloud of flame (19 damage)
             ... in a volcano.
             The game lasted 00:25:03 (13644 turns).

funkygono the Severer (Minotaur Fighter)           Turns: 13644, Time: 00:25:04

Health: -1/107     AC: 29    Str: 33    XL:     12   Next: 54%
Magic:  13/13      EV: 14    Int:  5    God:    Okawaru [*****.]
Gold:   85         SH: 10    Dex:  6    Spells: 11/11 levels left

rFire   . . .        a - +1 war axe (flame)
rCold   + + .        t - +0 kite shield
rNeg    . . .        z - +11 chain mail "Janum" {rPois rC+}
rPois   +            G - +2 hat
rElec   .            l - +1 cloak
rCorr   +            (no gloves)
SInv    .            e - +0 pair of boots of Impatience {Drain rCorr Str+7 Dex-4}
Will    .....        (no amulet) Stlth
                     B - +5 ring of evasion
HPRegen 0.37/turn    j - ring of protection from cold
MPRegen 0.13/turn

%: no passive effects
@: no status effects
A: horns 2, retaliatory headbutt
a: Renounce Religion, Heroism, Finesse, Duel


You were in a volcano.
You worshipped Okawaru.
Okawaru was extremely pleased with you.
You visited 3 branches of the dungeon, and saw 13 of its levels.
You also visited: Sewer, Bailey and Volcano.

You collected 1358 gold pieces.
You spent 1273 gold pieces at shops.

Inventory:

Hand Weapons
 a - a +1 war axe of flaming (weapon)
Missiles
 b - 29 boomerangs (quivered)
 c - a throwing net
Armour
 e - the +0 pair of boots of Impatience (worn) {Drain rCorr Str+7 Dex-4}
   (You bought it in a shop on level 7 of the Dungeon)

   Str:       It affects your strength (+7).
   Dex:       It affects your dexterity (-4).
   rCorr:     It protects you from acid and corrosion.
   Drain:     It drains your maximum health when unequipped.
 l - a +1 cloak (worn)
 t - a +0 kite shield (worn)
 z - the +11 chain mail "Janum" (worn) {rPois rC+}
   (You found it on level 3 of the Lair of Beasts)

   rC:        It protects you from cold.
   rPois:     It protects you from poison.
 G - a +2 hat (worn)
 I - a +2 crystal plate armour
Jewellery
 f - a +6 ring of intelligence
 j - a ring of protection from cold (right hand)
 q - a ring of protection from cold
 B - a +5 ring of evasion (left hand)
 D - a ring of poison resistance
Wands
 m - a wand of paralysis (4)
 A - a wand of mindburst (10)
 C - a wand of flame (21)
Scrolls
 k - 7 scrolls of identify
 p - 3 scrolls of teleportation
 s - a scroll of fog
 u - a scroll of fear
 v - a scroll of silence
 x - a scroll of poison
 y - a scroll of blinking
 E - a scroll of torment
 H - a scroll of amnesia
 J - a scroll of enchant armour
Potions
 d - 3 potions of might
 g - a potion of brilliance
 h - a potion of flight
 i - 4 potions of heal wounds
 n - 4 potions of curing
 o - 2 potions of haste
 r - 2 potions of berserk rage
 F - 2 potions of ambrosia


   Skills:
 + Level 10.3 Fighting
 + Level 15.8 Axes
 + Level 3.5 Throwing
 + Level 12.3 Armour
 + Level 3.8 Dodging
 + Level 0.8 Stealth
 + Level 10.7 Shields
 + Level 2.7 Invocations


You had 11 spell levels left.
You didn't know any spells.
Your spell library contained the following spells:

 Spells                   Type           Power      Damage    Failure   Level
 Magic Dart               Conj           0%         1d3       91%         1
 Mephitic Cloud           Conj/Pois/Air  0%         N/A       100%        3
 Blade Hands              Tmut           0%         N/A       100%        5
 Iron Shot                Conj/Erth      0%         9d1       100%        6
 Call Imp                 Summ           Unusable   N/A       N/A         2
 Animate Armour           Summ/Erth      Unusable   N/A       N/A         4

Dungeon Overview and Level Annotations

Branches:
Dungeon (8/15)             Temple (1/1) D:5            Lair (4/5) D:8
  Swamp (0/4) Lair:2        Snake (0/4) Lair:3        Sewer (visited)
 Bailey (visited)         Volcano (1/1)
  Slime: Lair:4-5

Altars:
Ashenzari
Cheibriados
Elyvilon
Fedhas
Gozag
Hepliaklqana
Kikubaaqudgha
Makhleb
Nemelex Xobeh
Okawaru
Qazlal
Sif Muna
Trog
Uskayaw
Vehumet
Wu Jian
Xom
Yredelemnul
Zin
The Shining One

Shops:
D:5 ?   D:6 *   D:7 *=?(=

Annotations:
D:6 3 runed translucent doors, bmj180's ghost, novice DrFE
D:8 3 runed translucent doors, DavidChitty2's ghost, novice HOFi; windycow's ghost, novice DsHs


Innate Abilities, Weirdness & Mutations

You have a pair of horns on your head.
You reflexively headbutt those who attack you in melee.


Message History

The two-headed ogre hits you with a +0 great mace of flaming.
The two-headed ogre burns you.
The two-headed ogre hits you with a +2 great mace of flaming.
The two-headed ogre burns you.
You hit the two-headed ogre. You burn the two-headed ogre.
You kill the two-headed ogre!
Okawaru accepts your kill.
You slash the hell hound! The hell hound breathes flames at you.
The blast of flame hits you but does no damage.
Unknown command.
The hell hound misses you. You block the hell hound's attack.
Things that are here:
a +0 great mace of flaming; a +2 great mace of flaming You hit the hell hound but do no damage.
Your headbutt misses the hell hound.
The hell hound is severely wounded.
You block the hell hound's attack.
You slice the hell hound!!
You kill the hell hound!
Okawaru accepts your kill.
You start resting.
You feel like a meek peon again.
You start resting.
The air gets thick with the scent of sulphur.
You start resting.
In the distance, the volcano erupts with a roar.
You start resting.
Magic restored.
You start resting.
The air gets thick with the scent of sulphur.
You start resting.
In the distance, the volcano erupts with a roar.
You are engulfed in blazing flames.
You're standing in a cloud of flame!
You're standing in a cloud of flame!
You are engulfed in blazing flames.
* * * LOW HITPOINT WARNING * * *
You are engulfed in blazing flames.
You die...

§≈≈§§≈≈≈§≈≈#≈≈≈#≈≈§§≈§≈
≈≈○°≈≈≈≈≈§§§§§○≈§≈§§§≈≈
≈§○§§≈≈≈≈°☼°§§≈°§§≈≈≈≈§
≈≈○○§≈≈§≈≈≈○○○○°§§≈≈≈≈§
§§§°≈≈§.≈○≈○§○○.≈.≈§§≈§
§§○°..≈§≈≈≈°°○≈°≈§≈§§≈≈
#°○....§....°°°.......
##°°.#####...##°##...##
##..## ##.##○○@# ##
.#..# #.#○°○.°# .#..#
#°#○°○○°# '#..##
#.##○°○##
#....##+##°°.#####
##....^^^○...○
≈≈~..~~~○°~~.°°
≈≈≈≈~≈~○°°°≈≈~○○
≈≈≈≈≈≈☼☼°○○○○≈○○☼


There were no monsters in sight!

Vanquished Creatures
  Fannar (Lair:3)
  2 hydras
  A two-headed ogre (Volcano)
  2 skysharks
  A bog body (Lair:2)
  A black mamba (Lair:3)
  10 cane toads
  A torpor snail (Lair:4)
  3 rime drakes
  5 komodo dragons
  A hornet (D:8)
  9 dream sheep
  9 blink frogs (Lair:3)
  Sigmund (D:2)
  2 shadows (D:7)
  3 wyverns
  Eustachio (D:6)
  4 basilisks
  6 yaks
  2 steam dragons
  11 water moccasins
  A hell hound (Volcano)
  2 ice beasts (D:7)
  3 orc warriors (Bailey)
  3 black bears
  4 wolves (Lair:1)
  An ogre (D:6)
  3 centaurs
  3 phantoms
  11 kobold brigands
  3 bullfrogs
  Blork the orc (D:4)
  5 scorpions
  4 killer bees (D:8)
  Crazy Yiuf (D:4)
  9 hounds
  5 jellies
  3 orc priests
  2 sleepcaps
  6 iguanas
  Natasha (thrice) (D:3)
  Terence (D:3)
  9 orc wizards
  Robin (D:3)
  10 gnolls
  11 adders
  7 river rats
  3 white imps
  An ufetubus (D:5)
  4 worms
  2 dart slugs
  45 orcs
  13 ball pythons
  10 endoplasms
  6 giant cockroaches
  23 goblins
  12 hobgoblins
  2 jackals (D:2)
  A quokka (D:1)
  7 bats
  10 frilled lizards
  22 kobolds
  16 rats
365 creatures vanquished.

Vanquished Creatures (others)
  A ball python (D:4)
  3 fungi
  40 plants
44 creatures vanquished.

Grand Total: 409 creatures vanquished

Notes
Turn   | Place    | Note
-------+----------+-------------------------------------------
     0 | D:1      | funkygono the Minotaur Fighter began the quest for the Orb.
     0 | D:1      | Reached XP level 1. HP: 19/19 MP: 0/0
   117 | D:1      | Reached XP level 2. HP: 27/27 MP: 1/1
   481 | D:1      | Reached XP level 3. HP: 32/33 MP: 2/2
   776 | D:2      | Noticed Sigmund
   783 | D:2      | Killed Sigmund
   784 | D:2      | Reached skill level 4 in Axes
   784 | D:2      | Reached skill level 5 in Armour
   784 | D:2      | Reached XP level 4. HP: 25/41 MP: 3/3
   784 | D:2      | Reached XP level 5. HP: 29/47 MP: 4/4
  1703 | D:3      | Noticed Robin
  1709 | D:3      | Reached skill level 1 in Dodging
  1711 | D:3      | Reached skill level 5 in Axes
  1719 | D:3      | Killed Robin
  1722 | D:3      | Reached XP level 6. HP: 33/53 MP: 5/5
  1814 | D:3      | Found a glowing drain.
  1821 | Sewer    | Entered a sewer
  2302 | D:3      | Noticed Terence
  2311 | D:3      | Killed Terence
  2312 | D:3      | Reached skill level 6 in Axes
  2540 | D:3      | Noticed Natasha
  2541 | D:3      | Killed Natasha
  2862 | D:3      | Noticed Natasha
  2868 | D:3      | Killed Natasha
  2869 | D:3      | Reached skill level 5 in Fighting
  2909 | D:3      | Noticed Natasha
  2913 | D:3      | Killed Natasha
  2914 | D:3      | Reached XP level 7. HP: 61/61 MP: 6/6
  3364 | D:4      | Noticed a steam dragon
  3373 | D:4      | Killed a steam dragon
  3374 | D:4      | Reached skill level 7 in Axes
  3639 | D:4      | Found a runed translucent door.
  3640 | D:4      | Noticed Crazy Yiuf
  3793 | D:4      | Reached skill level 5 in Shields
  4129 | D:4      | Noticed Blork the orc
  4141 | D:4      | Killed Blork the orc
  4142 | D:4      | Reached XP level 8. HP: 62/69 MP: 7/7
  4552 | D:4      | Killed Crazy Yiuf
  4664 | D:5      | Entered Level 5 of the Dungeon
  4664 | D:5      | Found a snail-covered altar of Cheibriados.
  4665 | D:5      | Found a staircase to the Ecumenical Temple.
  4671 | D:5      | Found Fumupa Efuv's Magic Scroll Shoppe.
  4693 | Temple   | Entered the Ecumenical Temple
  4786 | D:5      | Bought a scroll of enchant armour for 82 gold pieces
  4786 | D:5      | Bought a scroll of enchant armour for 82 gold pieces
  4806 | D:5      | Found an iron altar of Okawaru.
  4809 | D:5      | Reached skill level 8 in Axes
  4818 | D:5      | Became a worshipper of Warmaster Okawaru
  5138 | D:5      | Reached * piety under Okawaru
  5339 | D:5      | Found a basalt altar of Yredelemnul.
  5564 | D:6      | Found a runed translucent gate.
  5564 | D:6      | Found a runed translucent gate.
  5564 | D:6      | Found a runed translucent gate.
  5573 | D:6      | Found Apifi's Lightly-Used Armoury.
  5643 | D:6      | Reached skill level 9 in Axes
  5661 | D:6      | Reached XP level 9. HP: 63/75 MP: 5/8
  5838 | D:6      | Noticed Eustachio
  5854 | D:6      | Killed Eustachio
  5978 | D:6      | Found a bloodstained altar of Trog.
  6188 | D:6      | Reached skill level 10 in Axes
  6192 | D:6      | Reached ** piety under Okawaru
  6404 | D:6      | Noticed a spectral unseen horror
  6404 | D:6      | Noticed bmj180's ghost (novice DrFE)
  6525 | D:7      | Found Usexzasm's Jewellery Emporium.
  6591 | D:7      | Found a flagged portal.
  6669 | Bailey   | Entered a bailey
  6717 | Bailey   | Reached skill level 1 in Invocations
  6729 | Bailey   | HP: 2/78 [kobold brigand/+0 war axe (7)]
  7035 | Bailey   | Reached skill level 11 in Axes
  7044 | Bailey   | Reached XP level 10. HP: 61/86 MP: 10/10
  7115 | Bailey   | Found a burning altar of Makhleb.
  7326 | D:7      | Found Gawkooci's Antique Weapon Emporium.
  7506 | D:7      | Found Leliupup's Jewellery Emporium.
  7555 | D:7      | Reached *** piety under Okawaru
  7701 | D:7      | Reached skill level 12 in Axes
  7701 | D:7      | Found the +5 robe of Night {Dark Will+ SInv}
  7908 | D:7      | Found Rizokk's Magic Scroll Boutique.
  7931 | D:7      | Found Lesate's Assorted Antiques.
  7942 | D:7      | Bought a pair of pitted boots for 209 gold pieces
  7942 | D:7      | Identified the +0 pair of boots of Impatience {Drain rCorr
                  | Str+7 Dex-4} (You bought it in a shop on level 7 of the
                  | Dungeon)
  8012 | D:8      | Found an ornate altar of the Wu Jian Council.
  8013 | D:8      | Found an opulent altar of Gozag.
  8037 | D:8      | Found a glowing golden altar of the Shining One.
  8041 | D:8      | Reached **** piety under Okawaru
  8140 | D:8      | Found a staircase to the Lair.
  8490 | D:8      | Paralysed by a hornet for 2 turns
  8510 | D:8      | Found a runed translucent gate.
  8609 | D:8      | Found a runed translucent gate.
  8610 | D:8      | Found a runed translucent gate.
  8612 | D:8      | Noticed DavidChitty2's ghost (novice HOFi)
  8613 | D:8      | Noticed windycow's ghost (novice DsHs)
  8948 | Lair:1   | Entered Level 1 of the Lair of Beasts
  8948 | Lair:1   | Noticed a cane toad
  8957 | Lair:1   | Killed a cane toad
  9075 | Lair:1   | Reached skill level 10 in Armour
  9246 | Lair:1   | Reached skill level 13 in Axes
  9496 | Lair:1   | Identified the +7 flail of the Grave {venom, rF- rC++ Will+
                  | Int+3}
  9543 | Lair:1   | Reached XP level 11. HP: 77/95 MP: 11/11
 10700 | Lair:2   | Noticed a skyshark
 10714 | Lair:2   | Killed a skyshark
 10714 | Lair:2   | Reached ***** piety under Okawaru
 10953 | Lair:2   | Found a staircase to the Swamp.
 10953 | Lair:2   | Noticed a bog body
 10967 | Lair:2   | Killed a bog body
 10968 | Lair:2   | Reached skill level 14 in Axes
 11682 | D:6      | Bought a -1 crystal plate armour for 900 gold pieces
 11851 | Lair:3   | Noticed Fannar
 11870 | Lair:3   | Killed Fannar
 12088 | Lair:3   | Reached skill level 15 in Axes
 12104 | Lair:3   | Noticed a seven-headed hydra
 12112 | Lair:3   | Killed a four-headed hydra
 12113 | Lair:3   | Reached XP level 12. HP: 101/106 MP: 9/12
 12176 | Lair:3   | Reached skill level 1 in Throwing
 12424 | Lair:3   | Reached skill level 10 in Shields
 12603 | Lair:3   | Found a staircase to the Snake Pit.
 12709 | Lair:3   | Identified the +11 chain mail "Janum" {rPois rC+}
 12824 | Lair:3   | Reached skill level 10 in Fighting
 13399 | Lair:4   | Noticed a four-headed hydra
 13422 | Lair:4   | Killed a one-headed hydra
 13457 | Lair:4   | Found a dark tunnel.
 13521 | Volcano  | Entered a volcano
 13589 | Volcano  | Noticed a two-headed ogre
 13596 | Volcano  | Killed a two-headed ogre
 13644 | Volcano  | Engulfed by a cloud of flame

Illustrated notes

Levels and vault maps discovered:
D:1:      grunt_arrival_crossed_arrows, layout_loops_cross, glass_columns_c
D:2:      layout_loops_ring, chequers_serial_rivers_micro_a,
          kennysheep_cluttered_room, uniq_sigmund
D:3:      layout_basic, lightli_sewer_entry_pipes, uniq_robin, uniq_terence,
          uniq_natasha
D:4:      layout_loops_corners, serial_bayou, serial_bayou_lake_a,
          serial_bayou_pond_a, serial_bayou_pond_b, serial_bayou_pond_a,
          minivault_27, lemuel_flame_loot_1, uniq_crazy_yiuf_cottage,
          uniq_blork_the_orc
D:5:      minmay_angry_zag, layout_rooms, overflow_temple_1_default,
          nicolae_overflow_hidden_temple, okawaru_altar_gauntlet_db,
          minmay_temple_entry_large_hall, serial_shops, shop,
          grunt_decor_clamped
D:6:      dreamdust_elfheim, layout_cave_pools, trog_antimagical,
          gammafunk_ghost_necromancy, serial_bayou_pond_e, minmay_shop_damaged,
          kennysheep_windowed_goal, uniq_eustachio
D:7:      layout_basic, enter_bailey_5, serial_shops, shop, shop,
          nicolae_shop_waterfront, kennysheep_mini, nicolae_stop_n_shop_1,
          grunt_decor_cap, hellmonk_guarded_unrand_night
D:8:      layout_loops_ring, grunt_temple_overflow_open, lair_entry_dummy,
          gammafunk_ghost_cemetery
Temple:   nicolae_temple_god_jail
Lair:1:   layout_layer_cave, lemuel_fruit_tree
Lair:2:   layout_big_grid, skrybe_swamp_entry_bodies, beast_lair_carwin_10
Lair:3:   layout_layer_cave, dummy_snake_entry, uniq_fannar
Lair:4:   layout_gridlike, nicolae_volcano_entry_two_sided, grunt_megastairs_2,
          infiniplex_staircase_pool_2
Volcano:  volcano_village

Skill      XL: |  1  2  3  4  5  6  7  8  9 10 11 12 |
---------------+-------------------------------------+-----
Armour         | 4 5 6 7 8 10 12 | 12.3
Shields        | 4 5 6 7 8 9 10 | 10.7
Fighting       | 4 5 6 7 8 9 10 | 10.3
Axes           | 4 5 6 7 9 11 13 15 | 15.8
Dodging        | 1 2 3 |  3.8
Invocations    | 1 2 |  2.7
Throwing       | 3 |  3.5
Stealth        | |  0.8

Action                     |  1- 3 |  4- 6 |  7- 9 | 10-12 || total
---------------------------+-------+-------+-------+-------++-------
  Melee: War axe           |    68 |   172 |   343 |   370 ||   953
         Headbutt          |     7 |    16 |    59 |    75 ||   157
  Throw: Boomerang         |       |       |     2 |    35 ||    37
 Invoke: Heroism           |       |       |     4 |    17 ||    21
    Use: Scroll            |       |     8 |    11 |    13 ||    32
         Potion            |       |       |     1 |       ||     1
 Armour: Scale mail        |    34 |    74 |     5 |       ||   113
         Chain mail        |       |       |   156 |    35 ||   191
         Plate armour      |       |       |       |    94 ||    94
         Crystal plate arm |       |       |       |    34 ||    34
  Dodge: Dodged            |    41 |    78 |   126 |   110 ||   355
  Block: Buckler           |    15 |    35 |       |       ||    50
         Kite shield       |       |     6 |   165 |   197 ||   368

Table legend: (Time is in decaauts)
 A = Elapsed time spent in this place.
 B = Non-inter-level travel time spent in this place.
 C = Inter-level travel time spent in this place.
 D = Time resting spent in this place.
 E = Time spent auto-exploring this place.
 F = Levels seen in this place.
 G = Mean time per level.
                   A        B        C        D        E       F      G
               +--------+--------+--------+--------+--------+-----+--------+
         Total |  13937 |  13426 |    511 |    605 |   9759 |  16 |  871.1 |
       Dungeon |   8217 |   7917 |    300 |    237 |   5647 |   8 | 1027.1 |
        Temple |     71 |     57 |     14 |      0 |     48 |   1 |   71.0 |
          Lair |   4447 |   4252 |    195 |    117 |   3502 |   4 | 1111.8 |
         Sewer |    486 |    486 |      0 |      0 |    301 |   1 |  486.0 |
        Bailey |    593 |    593 |      0 |    209 |    209 |   1 |  593.0 |
       Volcano |    121 |    121 |      0 |     42 |     51 |   1 |  121.0 |
               +--------+--------+--------+--------+--------+-----+--------+

Top non-repeatable levels by time:
     D:4: 1801 daAuts
  Lair:1: 1448 daAuts
  Lair:3: 1440 daAuts
  Lair:2: 1300 daAuts
     D:3: 1088 daAuts
     D:8: 1025 daAuts
     D:6: 1008 daAuts
     D:7: 918 daAuts
     D:2: 878 daAuts
     D:5: 836 daAuts
     D:1: 660 daAuts
  Bailey: 593 daAuts
   Sewer: 486 daAuts
  Lair:4: 257 daAuts
 Volcano: 121 daAuts
